 Dungeon Crawl Stone Soup version 0.30-a0-867-g305f33218d (webtiles) character file.

Game seed: 7091472024281086627

2 Rocko1345 the Chopper (level 1, -1/19 HPs)
             Began as a Minotaur Monk on Mar 11, 2023.
             Slain by a hobgoblin (3 damage)
             ... on level 1 of the Dungeon.
             The game lasted 00:01:11 (213 turns).

Rocko1345 the Chopper (Minotaur Monk)                Turns: 213, Time: 00:01:11

Health: -1/19      AC:  2    Str: 15    XL:     1   Next: 25%
Magic:  0/0        EV: 12    Int:  7    God:
Gold:   42         SH:  0    Dex: 12    Spells: 0/0 levels left

rFire   . . .      SeeInvis .    a - +0 hand axe
rCold   . . .      Faith    .    (no shield)
rNeg    . . .      Spirit   .    b - +0 robe
rPois   .          Reflect  .    (helmet restricted)
rElec   .          Rampage  .    (no cloak)
rCorr   .                        (no gloves)
Will    .....                    (no boots)
Stlth   ++                       (no amulet)
HPRegen 0.23/turn                (no ring)
MPRegen 0.07/turn                (no ring)

@: no status effects
A: horns 2, retaliatory headbutt
a: no special abilities


You were on level 1 of the Dungeon.
You visited 1 branch of the dungeon, and saw 1 of its levels.

You collected 42 gold pieces.

Inventory:

Hand Weapons
 a - a +0 hand axe (weapon)
Missiles
 d - 5 boomerangs (quivered)
Armour
 b - a +0 robe (worn)
Scrolls
 e - a scroll of magic mapping {unknown}
 f - a scroll of identify {unknown}
 g - a scroll of brand weapon {unknown}
Potions
 c - a potion of ambrosia


   Skills:
 + Level 3.6 Fighting
 + Level 3.8 Axes
 + Level 3.2 Dodging
 + Level 1.5 Stealth


You couldn't memorise any spells.
You didn't know any spells.
Your spell library contained the following spells:

 Spells                   Type           Power      Damage    Failure   Level
 Ensorcelled Hibernation  Hex/Ice        0%         N/A       56%         2
 Spider Form              Tmut/Pois      0%         N/A       80%         3
 Anguish                  Hex/Necr       0%         N/A       99%         4


Dungeon Overview and Level Annotations

Branches:
Dungeon (1/15)

Altars:


Innate Abilities, Weirdness & Mutations

You have a pair of horns on your head.
You reflexively headbutt those who attack you in melee.


Message History

You now have 42 gold pieces (gained 8).
A goblin comes into view. It is wielding a +0 dagger.
The goblin shouts!
You hear an angry hiss.
You hear a shout!
A frilled lizard comes into view.
The goblin hits you with a +0 dagger.
You hit the goblin.
The goblin is moderately wounded.
A bat comes into view.
The goblin hits you but does no damage.
The bat moves out of view.
You closely miss the goblin. Your headbutt misses the goblin.
The goblin is moderately wounded.
A hobgoblin comes into view.
The goblin hits you with a +0 dagger.
You slash the goblin!
You kill the goblin!
You miss the frilled lizard. The frilled lizard barely misses you.
The hobgoblin hits you but does no damage.
You barely miss the hobgoblin. You closely miss the frilled lizard.
The hobgoblin hits you. The frilled lizard bites you.
You hit the hobgoblin but do no damage. You barely miss the frilled lizard.
The hobgoblin misses you. The frilled lizard misses you.
You hit the hobgoblin.
The hobgoblin is moderately wounded.
You hit the frilled lizard.
You kill the frilled lizard!
The hobgoblin hits you but does no damage.
You hit the hobgoblin but do no damage.
The hobgoblin is moderately wounded.
The hobgoblin barely misses you.
You hit the hobgoblin but do no damage. Your headbutt misses the hobgoblin.
The hobgoblin is moderately wounded.
The hobgoblin hits you.
You hit the hobgoblin but do no damage.
The hobgoblin is moderately wounded.
The hobgoblin hits you. x2
* * * LOW HITPOINT WARNING * * *
You hit the hobgoblin. Your headbutt misses the hobgoblin.
The hobgoblin is heavily wounded.
The hobgoblin hits you.
You die...

..# #...... #.#
#######.).... #.#
#............ #
#.####.######..... ..
#.#......# #.....
b...#.#..##..######.....
#...)###..##......###
#†#....#..#...##
#@..##...##.##....
##g#####..##.##.... ..
###..#####........... ...
......(....#.####..# ..
##.##...###..#...# .##
......#.#.##.......# ..#
##.##....#.....###>##
..#.. #.............##
#..#.....#
.............#####.....###


You could see a hobgoblin.

Vanquished Creatures
  A goblin (D:1)
  A frilled lizard (D:1)
2 creatures vanquished.

Notes
Turn   | Place    | Note
-------+----------+-------------------------------------------
     0 | D:1      | Rocko1345 the Minotaur Monk began the quest for the Orb.
     0 | D:1      | Reached XP level 1. HP: 19/19 MP: 0/0
   213 | D:1      | Slain by a hobgoblin

Illustrated notes

Levels and vault maps discovered:
D:1:      scummos_arrival_hexagon, layout_rooms,
          hellmonk_ecumenical_altar_inner_sanctum, minmay_pentomino_t4

Action                     || total
---------------------------++-------
  Melee: Hand axe          ||    10
 Armour: Robe              ||     3
  Dodge: Dodged            ||     4

Table legend: (Time is in decaauts)
 A = Elapsed time spent in this place.
 B = Non-inter-level travel time spent in this place.
 C = Inter-level travel time spent in this place.
 D = Time resting spent in this place.
 E = Time spent auto-exploring this place.
 F = Levels seen in this place.
 G = Mean time per level.
                   A        B        C        D        E       F      G
               +--------+--------+--------+--------+--------+-----+--------+
         Total |    214 |    183 |     31 |      0 |    147 |   1 |  214.0 |
       Dungeon |    214 |    183 |     31 |      0 |    147 |   1 |  214.0 |
               +--------+--------+--------+--------+--------+-----+--------+

Top non-repeatable levels by time:
     D:1: 214 daAuts
